AoeStats
← EonNFluttershy

Arabia

509014587Analyzed
1v1 RM · 8d ago on Sep 25, 2026· 51m 53s· 2 players
Game mode
Random Map
Map size
Tiny (2 player)
Population
200
Speed
Normal
Resources
Standard
Victory
Conquest
Starting age
Dark Age
Ending age
Imperial Age
RankedLock teamsTeams togetherTeam positionsShared explorationLock speedFull tech treeHidden civsTurbo modeCheats
Victory
Defeat
🇦🇷 Mongols · Argentina
1248
+17
🇲🇾 Danes · Malaysia
1277
-17
L`Hopital
11:41 Feudal Age
12:06 Loom
12:18 Double-Bit Axe
12:20 Man-at-Arms
20:17 Fletching
23:44 Wheelbarrow
26:28 Castle Age
25:04 Padded Archer Armor
24:47 Horse Collar
25:09 Gold Mining
26:34 Crossbowman
27:27 Bodkin Arrow
28:30 Bow Saw
33:12 Leather Archer Armor
37:16 Imperial Age
34:38 Town Watch
35:45 Ballistics
38:04 Bracer
37:34 Arbalester
40:12 Thumb Ring
44:20 Conscription
44:10 Heavy Plow
44:27 Hand Cart
47:13 Chemistry
46:54 Capped Ram
49:50 Masonry
EonNFluttershy
7:18 Loom
10:37 Feudal Age
11:25 Man-at-Arms
13:00 Double-Bit Axe
18:03 Horse Collar
18:50 Arson
27:39 Castle Age
26:09 Scale Mail Armor
29:55 Forging
30:01 Chain Mail Armor
29:11 Long Swordsman
32:14 Wheelbarrow
42:25 Bow Saw
44:29 Iron Casting
46:21 Hand Cart
51:19 Imperial Age
49:21 Squires
49:07 Gambesons
Connection lost

Rejoining the realm…

Still unreachable

The connection could not be restored.

Session expired

The server has moved on; the page needs a fresh start.